 Dungeon Crawl Stone Soup version 0.27-a0-1006-g1fd4cec11e (webtiles) character file.

Game seed: 12417002060868243936

290836 spiderkeys the Tortoise (level 20, -5/164 HPs)
             Began as a Demonspawn Abyssal Knight on Apr 17, 2021.
             Was the Champion of Lugonu.
             Killed from afar by an ancient lich (50 damage)
             ... with a bolt of acid
             ... on level 4 of the Vaults.
             The game lasted 02:35:36 (72390 turns).

spiderkeys the Tortoise (DsAK)                     Turns: 72390, Time: 02:35:37

Health: -5/164     AC: 39    Str: 23    XL:     20   Next: 29%
Magic:  31/31      EV:  4    Int: 15    God:    Lugonu [******]
Gold:   515        SH: 29    Dex: 21    Spells: 19/19 levels left

rFire    + + .     SeeInvis +   a - +6 demon trident (distort)
rCold    + + .     Faith    .   J - +4 tower shield "Biute" {SInv}
rNeg     + + .     Spirit   .   s - +8 gold dragon scales {rare}
rPois    +         Reflect  +   k - +2 helmet
rElec    +         Harm     .   M - +2 cloak "Nozoj" {rPois}
rCorr    .         Rampage  .   f - +1 pair of gloves
Will     ++...                  (boots unavailable)
Stlth    ..........             N - amulet of reflection
HPRegen  0.37/turn              p - ring "Direzoza" {rC+ Will+ Str+3}
MPRegen  0.22/turn              O - ring of Otass {*Corrode rElec rN+ Str+2 Dex+6}

@: about to teleport, corroded, studying Crossbows
A: talons 3, molten scales 3, foul stench 3, negative energy resistance 1, 50%
torment resistance, demonic magic 3
}: 1/15 runes: serpentine
a: Renounce Religion, Depart the Abyss, Bend Space, Banish, Corrupt, Enter the
Abyss


You were on level 4 of the Vaults.
You worshipped Lugonu.
Lugonu was exalted by your worship.
You visited 6 branches of the dungeon, and saw 32 of its levels.
You visited the Abyss 1 time.
You also visited: Sewer, Gauntlet and Ice Cave.

You collected 3936 gold pieces.
You spent 3421 gold pieces at shops.


Innate Abilities, Weirdness & Mutations

You have claws for feet.
You are completely covered in molten scales. (AC +4, rF+)
You frequently emit foul miasma when damaged in melee.
You resist negative energy. (rN+)
You are somewhat able to resist unholy torments (1 in 2 success).
Spells you cast and wands you use may paralyse nearby enemies.


   Skills:
 + Level 15.8 Fighting
 + Level 16.0 Polearms
 - Level 12.0 Crossbows
 + Level 17.0 Armour
 - Level 1.0 Dodging
 + Level 13.6 Shields
 - Level 15.0 Invocations
 * Level 7.0 Evocations


You had 19 spell levels left.
You didn't know any spells.
Your spell library contained the following spells:

 Spells                   Type           Power      Damage    Failure   Level
 Animate Skeleton         Necr           0%         N/A       100%        1
 Apportation              Tloc           0%         N/A       100%        1
 Beastly Appendage        Tmut           0%         N/A       100%        1
 Corona                   Hex            0%         N/A       100%        1
 Magic Dart               Conj           0%         1d3       100%        1
 Summon Small Mammal      Summ           0%         N/A       100%        1
 Blink                    Tloc           N/A        N/A       100%        2
 Call Imp                 Summ           0%         N/A       100%        2
 Corpse Rot               Necr/Air       N/A        N/A       100%        2
 Ensorcelled Hibernation  Hex/Ice        0%         N/A       100%        2
 Passwall                 Tmut/Erth      0%         N/A       100%        2
 Slow                     Hex            0%         N/A       100%        2
 Sublimation of Blood     Necr           0%         N/A       100%        2
 Wereblood                Tmut           0%         N/A       100%        2
 Call Canine Familiar     Summ           0%         N/A       100%        3
 Confusing Touch          Hex            0%         N/A       100%        3
 Conjure Flame            Conj/Fire      0%         6-21      100%        3
 Dazzling Flash           Conj/Hex       0%         N/A       100%        3
 Gell's Gravitas          Tloc           0%         N/A       100%        3
 Lesser Beckoning         Tloc           0%         N/A       100%        3
 Mephitic Cloud           Conj/Pois/Air  0%         N/A       100%        3
 Spider Form              Tmut/Pois      0%         N/A       100%        3
 Stone Arrow              Conj/Erth      0%         3d7       100%        3
 Summon Guardian Golem    Hex/Summ       0%         N/A       100%        3
 Swiftness                Air            0%         N/A       100%        3
 Tukima's Dance           Hex            0%         N/A       100%        3
 Animate Armour           Summ/Erth      0%         N/A       100%        4
 Animate Dead             Necr           0%         N/A       100%        4
 Dispel Undead            Necr           0%         3d6       100%        4
 Ice Form                 Ice/Tmut       0%         N/A       100%        4
 Iskenderun's Mystic Bla  Conj/Tloc      0%         2d3       100%        4
 Passage of Golubria      Tloc           N/A        N/A       100%        4
 Petrify                  Tmut/Erth      0%         N/A       100%        4
 Summon Ice Beast         Ice/Summ       0%         N/A       100%        4
 Summon Lightning Spire   Summ/Air       0%         N/A       100%        4
 Agony                    Necr           0%         N/A       100%        5
 Alistair's Intoxication  Tmut/Pois      0%         N/A       100%        5
 Borgnjor's Vile Clutch   Necr/Erth      0%         N/A       100%        5
 Excruciating Wounds      Necr           0%         N/A       100%        5
 Hydra Form               Tmut           0%         N/A       100%        5
 Irradiate                Conj/Tmut      0%         3d13      100%        5
 Lee's Rapid Deconstruct  Erth           0%         3d5*      100%        5
 Metabolic Englaciation   Hex/Ice        0%         N/A       100%        5
 Silence                  Hex/Air        0%         N/A       100%        5
 Summon Forest            Summ/Tloc      0%         N/A       100%        5
 Summon Mana Viper        Hex/Summ       0%         N/A       100%        5
 Yara's Violent Unravell  Hex/Tmut       0%         3d3       100%        5
 Blade Hands              Tmut           0%         N/A       100%        6
 Conjure Ball Lightning   Conj/Air       0%         3x3d6     100%        6
 Death Channel            Necr           0%         N/A       100%        6
 Eringya's Noxious Bog    Tmut/Pois      0%         N/A       100%        6
 Invisibility             Hex            0%         N/A       100%        6
 Shadow Creatures         Summ           N/A        N/A       100%        6
 Simulacrum               Ice/Necr       0%         N/A       100%        6
 Statue Form              Tmut/Erth      0%         N/A       100%        6
 Dragon Form              Tmut           0%         N/A       100%        7
 Malign Gateway           Summ/Tloc      0%         N/A       100%        7
 Ozocubu's Refrigeration  Ice            0%         4d5       100%        7
 Summon Hydra             Summ           0%         N/A       100%        7
 Tornado                  Air            0%         N/A       100%        9

Inventory:

Hand Weapons
 a - a +6 demon trident of distortion (weapon)
   (You took it off a merfolk impaler on level 1 of the Shoals)
 b - the +5 hand crossbow of Kariuj {elec, Will+}
   (You bought it in a shop on level 2 of the Orcish Mines)

   It charges the ammunition it shoots with electricity; occasionally upon a
   hit, such missiles may discharge and cause terrible harm.
   It increases your willpower.
 l - a +2 spectral demon trident
   (You took it off a hell knight on level 3 of the Vaults)
 L - a +5 vorpal demon trident
   (You took it off a hell knight on level 3 of the Vaults)
Missiles
 n - 5 datura-tipped darts
 o - 2 throwing nets {=f!f}
 u - 711 bolts
 w - 131 poisoned darts
 E - 5 atropa-tipped darts
 F - 6 curare-tipped darts {=f}
 Q - 15 javelins
Armour
 f - a +1 pair of gloves (worn)
   (You found it on level 1 of the Dungeon)
 k - a +2 helmet (worn)
   (You found it on level 1 of the Dungeon)
 s - +8 gold dragon scales (worn) {rare}
   (You found it on level 5 of the Dungeon)
 J - the +4 tower shield "Biute" (worn) {SInv}
   (You acquired it on level 15 of the Dungeon)

   It lets you see invisible.
 M - the +2 cloak "Nozoj" (worn) {rPois}
   (You found it in a Gauntlet)

   It protects you from poison.
Jewellery
 p - the ring "Direzoza" (left hand) {rC+ Will+ Str+3}
   (You bought it in a shop on level 2 of the Orcish Mines)

   [ring of willpower]

   It affects your strength (+3).
   It protects you from cold.
   It increases your willpower.
 K - a ring of willpower
   (You found it on level 2 of the Lair of Beasts)
 N - an amulet of reflection (around neck)
   (You bought it in a shop on level 4 of the Snake Pit)
 O - the ring of Otass (right hand) {*Corrode rElec rN+ Str+2 Dex+6}
   (You bought it in a shop on level 4 of the Snake Pit)

   [ring of positive energy]

   It affects your strength (+2).
   It affects your dexterity (+6).
   It insulates you from electricity.
   It protects you from negative energy.
   It may corrode you when you take damage.
Wands
 e - a wand of acid (9)
   (You found it on level 4 of the Lair of Beasts)
 h - a wand of mindburst (6)
   (You found it on level 4 of the Lair of Beasts)
 j - a wand of iceblast (38)
   (You found it on level 7 of the Dungeon)
 D - a wand of polymorph (15)
   (You found it on level 1 of the Lair of Beasts)
 G - a wand of paralysis (7)
   (You found it on level 9 of the Dungeon)
 P - a wand of flame (12)
   (You found it on level 1 of the Vaults)
Scrolls
 r - 2 scrolls of blinking {!r}
 x - 2 scrolls of fear
 y - 13 scrolls of teleportation {@r4}
 C - 29 scrolls of identify {@r1}
 U - 2 scrolls of magic mapping {!r}
 V - 3 scrolls of torment {!r}
 W - 3 scrolls of fog
 X - 7 scrolls of immolation {!r!r}
Potions
 c - a potion of magic
 d - 9 potions of curing {@q1}
 g - a potion of invisibility {unknown}
 i - 2 potions of haste {@q3}
 m - 3 potions of cancellation
 t - 8 potions of might
 v - 4 potions of flight
 z - 6 potions of brilliance
 H - 2 potions of resistance
 I - 5 potions of ambrosia
 S - 3 potions of lignification {!q}
 Y - 3 potions of mutation {!q}
Miscellaneous
 q - a phial of floods
   (You found it on level 10 of the Dungeon)
 A - a phantom mirror
   (You found it on level 2 of the Snake Pit)
 B - a lightning rod (4/4)
   (You found it on level 10 of the Dungeon)
 R - a tin of tremorstones (2/2)
   (You found it in a Gauntlet)

Dungeon Overview and Level Annotations

Branches:
Dungeon (15/15)            Temple (0/1) D:5            Lair (6/6) D:10
 Shoals (1/4) Lair:4        Snake (4/4) Lair:4        Slime (0/5) Lair:6
    Orc (2/2) D:9             Elf (0/3) Orc:2        Vaults (4/5) D:13
  Crypt (0/3) Vaults:2     Depths (0/5) D:15          Sewer (visited)
  IceCv (visited)         Gauntlet (visited)

Altars:
Dithmenos
Gozag
Kikubaaqudgha
Nemelex Xobeh
Okawaru
Trog
Uskayaw
Zin
Beogh
Jiyva

Shops:
Orc:1 *   Orc:2 ((:=*   Snake:1 **   Snake:4 =:=[   Vaults:1 *

Annotations:
Lair:6 exclusion: ice statue
Shoals:1 4 runed translucent doors, HilariousDeathArtist's ghost, adept KoCj
Vaults:1 3 runed translucent doors, Sibahig's ghost, veteran HOMo
Abyss:1 FritzCouch's ghost, journeyman MiBe; Ijyb; Menkaure; Prince Ribbit; RubberyChicken's ghost, journeyman MiFi; Sojobo; Vashnia; mdonais's ghost, journeyman OpDe

,,,,*#.........#,,.............p.
,,,,*#.........#.............p...
+#+**#...([....'...........pp..Q.
...,,#.......[W##########§###****
.###,+....$..cC#......E.§§§.#
.#C#,#........J#....§...§...#
.###.#......CO.O.)###..###..#
.....#......ep.#Lp###..###..#
.###.#....9....#@.##....##§.#
.#C#.#L........#.........§§.#
.###.#C.Q......#...........§#
....,#.X.......#..##....##..#****
.###,#c#########.<###..###..#,,,,
.#B*,#.......# #..###..###..#,,,,
.##*,+.J.<...# #............#,,,,
,,,,,#.......# #............#,,,,
*****#.......# ##############,,,,


You could see an ancient lich (fast), a vault warden, an ironbound thunderhulk
(strong), a yaktaur captain, an ettin and a quicksilver ooze shaped shifter.


Message History

You reach to attack!
You barely miss the yaktaur captain.
An ettin comes into view.
The yaktaur captain shoots a bolt.
You reflect the bolt off an invisible shield around you!
The bolt hits the yaktaur captain!!!
Electricity crackles from the ironbound thunderhulk's apparatus.
The bolt of lightning hits you! You resist. 😕 HP[-8]
You take 8 damage, and now have 156/164 hp.
Reach: a) +6 demon trident (distort)
Press: ? - help, Dir - move target, f/p - yaktaur captain
Aim: a yaktaur captain, wielding a +0 arbalest and quivering bolts (almost dead, about 14% to evade your +6 demon trident of distortion)
You reach to attack!
You impale the yaktaur captain!!
You kill the yaktaur captain!
Lugonu accepts your kill.
Electricity crackles from the ironbound thunderhulk's apparatus.
The bolt of lightning hits you! You resist.
An ettin comes into view.
It is wielding a +0 dire flail and a +0 dire flail of draining. 😕 HP[-11]
You take 11 damage, and now have 145/164 hp.
Reach: a) +6 demon trident (distort)
Press: ? - help, Dir - move target, f - ironbound convoker
Aim: an ironbound convoker, wielding a +0 flail and wearing a +0 scale mail (about 21% to evade your +6 demon trident of distortion)
You reach to attack!
You puncture the ironbound convoker! 😕 HP[+1] Reach: a) +6 demon trident (distort)
Press: ? - help, Dir - move target, f - deep elf annihilator
Aim: a deep elf annihilator, wielding a +0 dagger and wearing a +0 ring mail (about 28% to evade your +6 demon trident of distortion)
You reach to attack!
You impale the deep elf annihilator!!
Space warps horribly around the deep elf annihilator!
Electricity crackles from the ironbound thunderhulk's apparatus.
The bolt of lightning hits you. You resist. 😕 HP[-5]
You take 5 damage, and now have 141/164 hp.
Reach: a) +6 demon trident (distort)
Press: ? - help, Dir - move target, f/p - deep elf annihilator
Aim: a deep elf annihilator, wielding a +0 dagger and wearing a +0 ring mail (heavily wounded, about 28% to evade your +6 demon trident of distortion)
You reach to attack!
You hit the deep elf annihilator.
Space bends around the deep elf annihilator.
Reach: a) +6 demon trident (distort)
Press: ? - help, Dir - move target, f/p - deep elf annihilator
Aim: a deep elf annihilator, wielding a +0 dagger and wearing a +0 ring mail (severely wounded, about 29% to evade your +6 demon trident of distortion)
You reach to attack!
You hit the deep elf annihilator. 😕 HP[+1] Reach: a) +6 demon trident (distort)
Press: ? - help, Dir - move target, f/p - deep elf annihilator
Aim: a deep elf annihilator, wielding a +0 dagger and wearing a +0 ring mail (severely wounded, about 27% to evade your +6 demon trident of distortion)
You impale the deep elf annihilator!!
You kill the deep elf annihilator!
Lugonu accepts your kill.
Your Evocations skill increases to level 7!
Reach: a) +6 demon trident (distort)
Press: ? - help, Dir - move target, f - vault warden
Aim: a vault warden, wielding a +0 war axe, wearing a +0 plate armour and wearing a +0 kite shield (about 21% to evade your +6 demon trident of distortion)
You reach to attack!
You hit the vault warden.
The ettin changes into a quicksilver ooze!
The vault warden activates a sealing rune.
A freezing wraith comes into view.
Reach: a) +6 demon trident (distort)
Press: ? - help, Dir - move target, f/p - vault warden
Aim: a vault warden, wielding a +0 war axe, wearing a +0 plate armour and wearing a +0 kite shield (lightly wounded, about 22% to evade your +6 demon trident of distortion)
You reach to attack!
The vault warden blocks your attack.
Reach: a) +6 demon trident (distort)
Press: ? - help, Dir - move target, f/p - vault warden
Aim: a vault warden, wielding a +0 war axe, wearing a +0 plate armour and wearing a +0 kite shield (lightly wounded, about 22% to evade your +6 demon trident of distortion)
The vault warden blocks your attack.
You claw the vault warden, but do no damage. 😕 HP[+1] Reach: a) +6 demon trident (distort)
Press: ? - help, Dir - move target, f/p - vault warden
Aim: a vault warden, wielding a +0 war axe, wearing a +0 plate armour and wearing a +0 kite shield (lightly wounded, about 22% to evade your +6 demon trident of distortion)
The ancient lich is in the way.
You puncture the ancient lich!
Space bends around the ancient lich!
You claw the ancient lich.
The ancient lich points at you and mumbles some strange words.
The crystal spear hits you!!! 😮 HP[-45]
You take 45 damage, and now have 98/164 hp.
MASSIVE DAMAGE!! (PAUSE) Reach: a) +6 demon trident (distort)
Press: ? - help, Dir - move target, f/p - vault warden
Aim: a vault warden, wielding a +0 war axe, wearing a +0 plate armour and wearing a +0 kite shield (lightly wounded, about 22% to evade your +6 demon trident of distortion)
Okay, then.
As you read the scroll of teleportation {@r4}, it crumbles to dust.
You feel strangely unstable.
The ancient lich gestures at you while chanting.
You resist with significant effort.
The vault warden activates a sealing rune.
Reach: a) +6 demon trident (distort)
Press: ? - help, Dir - move target, f/p - vault warden
Aim: a vault warden, wielding a +0 war axe, wearing a +0 plate armour and wearing a +0 kite shield (lightly wounded, about 21% to evade your +6 demon trident of distortion)
You reach to attack!
You impale the vault warden!!
Space bends around the vault warden.
The ancient lich points at you and mumbles some strange words.
The bolt of acid hits you!!!
* * * LOW HITPOINT WARNING * * *
The acid corrodes you!
You are splashed with acid!
* * * LOW HITPOINT WARNING * * *
The ancient lich gestures at you while chanting.
The bolt of acid hits you!!!
You die...

Skill      XL: |  1  2  3  4  5  6  7  8  9 10 11 12 13 14 15 16 17 18 19 20 |
---------------+-------------------------------------------------------------+-----
Dodging        | 1 |  1.0
Polearms       | 2 3 4 5 6 8 9 10 11 12 13 14 15 16 | 16.0
Armour         | 2 3 4 5 7 8 9 11 12 13 14 15 16 17 | 17.0
Invocations    | 3 4 5 6 8 9 10 11 12 14 15 | 15.0
Fighting       | 4 5 6 7 8 9 10 11 12 13 14 15 | 15.8
Shields        | 2 4 5 7 8 9 10 11 12 13 | 13.6
Crossbows      | 1 4 5 8 9 11 12 | 12.0
Evocations     | 5 7 |  7.0

Action                   |  1- 3 |  4- 6 |  7- 9 | 10-12 | 13-15 | 16-18 | 19-21 || total
-------------------------+-------+-------+-------+-------+-------+-------+-------++-------
Melee: Spear             |   151 |   186 |   531 |       |       |       |       ||   868
       Kick              |    18 |     4 |       |       |   902 |   463 |   313 ||  1700
       Trident           |       |       |   116 |  1066 |  2704 |   403 |       ||  4289
       Long sword        |       |       |     4 |       |       |       |       ||     4
       Demon trident     |       |       |       |       |       |  1359 |   741 ||  2100
 Fire: Hunting sling     |       |       |   145 |     3 |       |       |       ||   148
       Hand crossbow     |       |       |       |    60 |   310 |   211 |    24 ||   605
Throw: Boomerang         |       |       |    12 |       |       |       |       ||    12
       Dart              |       |       |       |    56 |     3 |       |       ||    59
Invok: Depart the Abyss  |     1 |       |       |       |       |       |       ||     1
       Banish            |       |     2 |     4 |    25 |     7 |     3 |     1 ||    42
       Bend Space        |       |       |     3 |     1 |    10 |     1 |     1 ||    16
       Brand Weapon With |       |       |       |       |       |     1 |       ||     1
Evoke: Wand              |       |       |     2 |     2 |     8 |    16 |       ||    28
       Lightning rod     |       |       |       |       |     6 |     1 |       ||     7
       Tin of tremorston |       |       |       |       |     2 |       |       ||     2
       Phantom mirror    |       |       |       |       |       |     1 |       ||     1
  Use: Scroll            |     3 |     3 |     6 |     9 |    18 |    12 |    10 ||    61
       Potion            |       |     5 |     5 |     5 |     7 |     4 |     3 ||    29
 Stab: Sleeping          |     2 |       |       |       |       |       |       ||     2
       Petrified         |       |       |       |       |     5 |       |       ||     5
       Petrifying        |       |       |       |       |     1 |       |       ||     1
       Distracted        |       |       |       |       |       |     1 |       ||     1
Armor: Leather armour    |    40 |     1 |       |       |       |       |       ||    41
       Chain mail        |       |    80 |   497 |       |       |       |       ||   577
       Gold dragon scale |       |       |   174 |  1102 |  2360 |   808 |   357 ||  4801
Dodge: Dodged            |    45 |    36 |   234 |    46 |   164 |    97 |    57 ||   679
Block: Kite shield       |       |       |    15 |   447 |  1348 |    65 |       ||  1875
       Tower shield      |       |       |       |       |       |  1506 |   785 ||  2291
       Reflection        |       |       |       |       |       |   145 |    64 ||   209
       Rpst.: Long sword |       |       |     1 |       |       |       |       ||     1

Levels and vault maps discovered:
D:1:      onia_arrival_zoo_common, layout_basic,
          shapermc_ecumenical_altar_mp_highgroup, hangedman_feature_mirror,
          amcnicky_mini_pool_small, minmay_tall_x
D:2:      layout_loops_corners, wad_floor_pattern_untrapped, uniq_natasha
D:3:      layout_basic, corexii_shack
D:4:      layout_loops_ring, uniq_menkaure
D:5:      layout_rooms, minmay_temple_entry_tees, kennysheep_cross_bottleneck,
          uniq_ijyb, uniq_prince_ribbit1
D:6:      layout_rooms, gammafunk_temple_overflow_pools,
          cheibrodos_sewer_entry_drain, serial_bayou_pond_a,
          minmay_misc_feat_nine_boxes
D:7:      layout_basic, grunt_gozag_breadcrumbs, uniq_duvessa
D:8:      layout_loops_cross, kiku_gazebo_garden_becter, kennysheep_small_square
D:9:      layout_long_grid, hiddenorc1_lemuel, grunt_decor_clamped,
          chequers_serial_rivers_micro_d, hangedman_abyss_or_decor_slice
D:10:     layout_long_grid, lemuel_round_altar, nicolae_overflow_hidden_temple,
          dpeg_lair_monsters, minmay_misc_feat_roman,
          chequers_serial_rivers_small_a, chequers_serial_rivers_micro_a,
          small_chamber_with_monster, uniq_maggie
D:11:     layout_rooms, roderic_roman_lattice
D:12:     minmay_the_grid_square_5x5_4x4_mashed [minmay_the_grid_square_5x5_c,
          minmay_the_grid_square_5x5_bridge,
          minmay_the_grid_square_5x5_intrusive_squares,
          minmay_the_grid_square_5x5_tri_point,
          minmay_the_grid_square_5x5_minivault,
          minmay_the_grid_square_5x5_prize_itemx,
          minmay_the_grid_square_5x5_prize_deathbox,
          minmay_the_grid_square_5x5_moneybag, minmay_the_grid_square_5x5_z,
          minmay_the_grid_square_5x5_prize_open,
          minmay_the_grid_square_5x5_prize_junk,
          minmay_the_grid_square_5x5_spiral,
          minmay_the_grid_square_5x5_three_small,
          minmay_the_grid_square_5x5_fat_x, minmay_the_grid_square_5x5_mess,
          minmay_the_grid_square_5x5_one_wall], layout_stronghold, uniq_snorg,
          uniq_josephine
D:13:     layout_roguey [special_room_orc], david_vaults_2,
          portal_ice_cave_entry_imps
D:14:     layout_stronghold, minmay_crystal_water
D:15:     gammafunk_depths_entry_grave, layout_rooms, nicolae_uskayaw_suspiria,
          hangedman_decor_slide_cut, minmay_misc_feat_cross
Lair:1:   layout_gridlike
Lair:2:   layout_cave_pods
Lair:3:   layout_roguey [special_room_bee], gauntlet_entry_generic
Lair:4:   layout_cave_pods, elwin_shoals_entry_rooms,
          minmay_snake_entry_spellcaster, grunt_megastairs_3
Lair:5:   layout_regular_city, basic_altar, guppyfry_lair_drakes,
          lemuel_fruit_tree
Lair:6:   grunt_lair_end_beastmaster, layout_cave_pods, slime_altar_1,
          gammafunk_ghost_necromancy, special_room [special_room_jelly],
          ice2_lemuel
Shoals:1: layout_shoals, gammafunk_ghost_split,
          nicolae_shoals_stone_sculpture_thing, lightli_airlock
Snake:1:  layout_chambers, minmay_shoptagon
Snake:2:  layout_onion, gammafunk_ghost_grave, grunt_megastairs_1, uniq_aizul,
          uniq_agnes
Snake:3:  layout_honeycomb
Snake:4:  minmay_snake_end_coiled, layout_chambers, serial_shops, shop,
          minmay_shop_grove, uniq_vashnia
Orc:1:    layout_caves, serial_shops, shop, special_room [special_room_kobold],
          elf_legates
Orc:2:    st_orc_open, layout_diamond_mine, ebering_ghost_gozag,
          nicolae_orc_flooded_monolith
Vaults:1: gammafunk_vaults_ghost_split, v_misc_30, v_misc_29, v_misc_16,
          nicolae_vaults_big_ls, v_alt_pattern_1, v_pattern_4,
          nicolae_vaults_little_squares_3, nicolae_vaults_network_periphery,
          nicolae_vaults_rhombus_5, layout_vaults_big_room, serial_shops, shop
Vaults:2: vaults_mumra_chevron, ontoclasm_vaults_fault,
          grunt_vaults_hallway_short, grunt_vaults_diagonal, v_alt_pattern_5,
          nicolae_vaults_bisected_slash, vaults_room_guarded_vault,
          vaults_mumra_minichess, layout_vaults_omnigrid,
          blue_anna_dwarven_crypt
Vaults:3: vaults_mumra_lcd, vaults_room_fours, ontoclasm_vaults_ring_large,
          nicolae_vaults_big_angled_halls, nicolae_vaults_hallways_thing,
          v_misc_12, vaults_mumra_hexcomb, v_pattern_1, ontoclasm_vaults_pinch,
          v_misc_13, nicolae_vaults_mini_display_case,
          vaults_not_door_vault_due, vaults_standard_mumra_x,
          layout_vaults_maze, uniq_asterion
Vaults:4: v_pattern_3, v_alt_pattern_2, grunt_vaults_twisty,
          hangedman_vaults_slither, v_misc_4, v_misc_23,
          vaults_standard_mumra_enter_the_diamond,
          dpeg_vaults_pockets_of_resistance, vaults_room_pools,
          nicolae_vaults_specimen_jars, nicolae_vaults_little_squares_1,
          vaults_room_large_hall, layout_vaults_ring, uniq_sojobo, uniq_xtahua

Notes
Turn   | Place    | Note
-------+----------+-------------------------------------------
     0 | Abyss:1  | spiderkeys the Demonspawn Abyssal Knight began the quest
                  | for the Orb.
     0 | Abyss:1  | Reached XP level 1. HP: 18/18 MP: 2/2
     0 | Abyss:1  | magus.rc [v1.9.10]
    87 | Abyss:1  | Found a corrupted altar of Lugonu.
   126 | Abyss:2  | Noticed a large abomination
   129 | Abyss:2  | Noticed a wraith
   133 | D:1      | You pass through the gate.
   133 | D:1      | Escaped the Abyss
   152 | D:1      | Noticed an iguana
   152 | D:1      | Noticed a servant of whispers
   153 | D:1      | Noticed a fire giant
   184 | D:1      | Reached skill level 1 in Dodging
   190 | D:1      | Reached * piety under Lugonu
   286 | D:1      | Reached skill level 2 in Polearms
   291 | D:1      | Gained mutation: You have sharp toenails. [demonic
                  | ancestry]
   291 | D:1      | Reached XP level 2. HP: 21/24 MP: 4/4
   381 | D:1      | Reached skill level 2 in Armour
   466 | D:1      | Found a faded altar of an unknown god.
  1049 | D:2      | Gained mutation: You may rarely emit foul miasma when
                  | damaged in melee. [demonic ancestry]
  1049 | D:2      | Reached XP level 3. HP: 28/29 MP: 5/5
  1085 | D:2      | Reached skill level 3 in Invocations
  1347 | D:2      | Reached ** piety under Lugonu
  1635 | D:2      | Noticed Natasha
  1642 | D:2      | Killed Natasha
  1643 | D:2      | Gained mutation: Spells you cast may paralyse adjacent
                  | enemies. [demonic ancestry]
  1643 | D:2      | Reached XP level 4. HP: 34/35 MP: 6/6
  1849 | D:2      | Noticed Natasha
  1860 | D:2      | Killed Natasha
  1861 | D:2      | Reached skill level 3 in Polearms
  2186 | D:2      | Noticed Natasha
  2193 | D:2      | Killed Natasha
  2194 | D:2      | Reached XP level 5. HP: 39/42 MP: 7/7
  3270 | D:3      | Reached *** piety under Lugonu
  3592 | D:4      | HP: 9/42 [dart slug/slug dart (6)]
  3601 | D:4      | Reached skill level 4 in Invocations
  3602 | D:4      | HP: 10/42 [something (1)]
  3954 | D:4      | Noticed Menkaure
  3955 | D:4      | Banished Menkaure
  3956 | D:4      | Reached skill level 4 in Fighting
  3956 | D:4      | Reached skill level 4 in Polearms
  3956 | D:4      | Reached skill level 3 in Armour
  3956 | D:4      | Reached XP level 6. HP: 48/48 MP: 4/9
  4217 | D:4      | Gained mutation: You are partially covered in molten
                  | scales. (AC +2) [demonic ancestry]
  4217 | D:4      | Reached XP level 7. HP: 32/55 MP: 10/10
  4491 | D:4      | Reached skill level 5 in Invocations
  4723 | D:5      | Entered Level 5 of the Dungeon
  4727 | D:5      | Identified +0 gold dragon scales
  4728 | D:5      | s - +0 gold dragon scales {rare}
  4739 | D:5      | You finish putting on your +0 gold dragon scales {rare}.
  4865 | D:5      | Found a staircase to the Ecumenical Temple.
  4912 | D:5      | Reached skill level 5 in Polearms
  4982 | D:5      | You finish taking off your +0 gold dragon scales {rare}.
  5046 | D:5      | Noticed Prince Ribbit
  5052 | D:5      | Banished Prince Ribbit
  5053 | D:5      | Reached skill level 4 in Armour
  5068 | D:5      | Gained mutation: You have razor-sharp toenails. [demonic
                  | ancestry]
  5068 | D:5      | Reached XP level 8. HP: 59/61 MP: 12/12
  5111 | D:5      | Reached skill level 5 in Fighting
  5136 | D:5      | Noticed Ijyb
  5165 | D:5      | Banished Ijyb
  5470 | D:5      | HP: 13/62 [ogre/+0 giant club (20)]
  5480 | D:5      | HP: 1/62 [ogre/+0 giant club (14)]
  5882 | D:6      | Found a glowing drain.
  5901 | D:6      | Reached skill level 6 in Invocations
  5918 | Sewer    | Entered a sewer
  6076 | Sewer    | HP: 10/62 [river rat (6)]
  6110 | Sewer    | HP: 12/62 [river rat (1)]
  6118 | Sewer    | HP: 6/62 [river rat (3)]
  6772 | Sewer    | Reached skill level 6 in Polearms
  6772 | Sewer    | Reached skill level 5 in Armour
  6795 | Sewer    | Reached **** piety under Lugonu
  7446 | D:6      | Found a sparkling altar of Nemelex Xobeh.
  7446 | D:6      | Found an iron altar of Okawaru.
  7979 | D:7      | Reached XP level 9. HP: 69/69 MP: 14/14
  8015 | D:7      | Noticed Duvessa
  8015 | D:7      | Noticed Dowan
  8030 | D:7      | Killed Duvessa
  8031 | D:7      | Reached skill level 6 in Armour
  8031 | D:7      | Reached skill level 7 in Invocations
  8040 | D:7      | Killed Dowan
  8163 | D:7      | Reached skill level 7 in Polearms
  8172 | D:7      | Reached skill level 6 in Fighting
  8957 | D:7      | Found an opulent altar of Gozag.
  9283 | D:7      | You finish putting on your +0 gold dragon scales {rare}.
  9288 | D:7      | You finish taking off your +0 gold dragon scales {rare}.
  9617 | D:8      | Identified the +8 long sword of Objectivity {vorpal, Drain
                  | Int+10}
  9622 | D:8      | You pick up a book of Misfortune and begin reading...
  9622 | D:8      | You add the spells Confusing Touch, Gell's Gravitas,
                  | Petrify, Metabolic Englaciation and Yara's Violent
                  | Unravelling to your library.
 10240 | D:8      | You pick up a book of Party Tricks and begin reading...
 10240 | D:8      | You add the spells Apportation, Lesser Beckoning, Tukima's
                  | Dance, Alistair's Intoxication and Invisibility to your
                  | library.
 10466 | D:8      | Found an ancient bone altar of Kikubaaqudgha.
 10908 | D:8      | Reached skill level 7 in Armour
 11111 | D:8      | You finish putting on your +0 gold dragon scales {rare}.
 11361 | D:9      | Reached skill level 8 in Invocations
 11539 | D:9      | Reached skill level 8 in Polearms
 11665 | D:9      | Gained mutation: You sometimes emit foul miasma when
                  | damaged in melee. [demonic ancestry]
 11665 | D:9      | Reached XP level 10. HP: 32/77 MP: 11/16
 12107 | D:9      | Reached ***** piety under Lugonu
 12124 | D:9      | Reached skill level 1 in Shields
 12229 | D:9      | your +0 gold dragon scales {rare} glow green for a moment.
 12250 | D:9      | You pick up a book of Callings and begin reading...
 12250 | D:9      | You add the spells Summon Small Mammal, Call Imp, Call
                  | Canine Familiar, Summon Guardian Golem, Summon Lightning
                  | Spire and Summon Ice Beast to your library.
 12616 | D:9      | Found a staircase to the Orcish Mines.
 12891 | D:10     | Entered Level 10 of the Dungeon
 12912 | D:10     | Reached skill level 7 in Fighting
 13106 | D:10     | Reached skill level 8 in Armour
 13225 | D:10     | Found a shadowy altar of Dithmenos.
 13301 | D:10     | Noticed a death yak
 13357 | Orc:1    | Entered Level 1 of the Orcish Mines
 13378 | D:9      | Reached skill level 2 in Shields
 13847 | Orc:1    | Noticed an orc high priest
 14148 | D:9      | Noticed a sixfirhy
 14148 | D:9      | Banished an orc high priest
 14149 | D:9      | Reached skill level 9 in Polearms
 14149 | D:9      | Reached skill level 9 in Invocations
 14557 | Orc:1    | Noticed a sixfirhy
 14914 | D:9      | Gained mutation: You resist negative energy. (rN+) [demonic
                  | ancestry]
 14914 | D:9      | Reached XP level 11. HP: 59/84 MP: 18/18
 15092 | Orc:1    | Reached skill level 3 in Shields
 15280 | Orc:1    | Found Womopt's Assorted Antiques.
 15459 | Orc:2    | Entered Level 2 of the Orcish Mines
 15658 | Orc:1    | Noticed a deep elf zephyrmancer
 15666 | Orc:1    | Banished a deep elf zephyrmancer
 15670 | Orc:1    | Noticed a deep elf zephyrmancer
 16542 | Orc:2    | Reached skill level 9 in Armour
 16612 | Orc:2    | Found a staircase to the Elven Halls.
 17008 | Orc:2    | Noticed an ogre mage
 17008 | Orc:2    | Noticed a two-headed ogre
 17012 | Orc:1    | Noticed an orc warlord
 17019 | Orc:2    | Noticed a two-headed ogre
 17019 | Orc:2    | Noticed a two-headed ogre
 17019 | Orc:2    | Noticed a two-headed ogre
 17019 | Orc:2    | Noticed a two-headed ogre
 17019 | Orc:2    | Noticed an ogre mage
 17020 | Orc:2    | Noticed a deep troll
 17349 | Orc:1    | HP: 18/86 [something/magic dart (6)]
 17464 | Orc:1    | Reached skill level 8 in Fighting
 17566 | Orc:1    | HP: 20/86 [deep elf zephyrmancer/bolt of lightning (19)]
 17567 | Orc:1    | Banished a deep elf zephyrmancer
 17568 | Orc:1    | Reached skill level 10 in Invocations
 17584 | Orc:1    | HP: 14/86 [orc warrior/+0 war axe (11)]
 17592 | Orc:1    | HP: 9/86 [orc warrior/silver boomerang (1)]
 17610 | Orc:1    | Identified the +3 scimitar of the Wasp {vorpal, rN+ Stlth+}
 17610 | Orc:1    | Noticed an orc sorcerer
 17611 | Orc:1    | Banished an orc sorcerer
 17661 | Orc:1    | Noticed a deep elf knight
 18077 | Orc:2    | Killed a two-headed ogre
 18078 | Orc:2    | Reached skill level 10 in Polearms
 18078 | Orc:2    | Reached skill level 4 in Shields
 18193 | Orc:2    | Killed a two-headed ogre
 18660 | Orc:2    | Killed a two-headed ogre
 18784 | Orc:2    | Noticed a two-headed ogre
 18798 | Orc:2    | Killed a two-headed ogre
 18799 | Orc:2    | Gained mutation: Spells you cast may paralyse nearby
                  | enemies. [demonic ancestry]
 18799 | Orc:2    | Reached XP level 12. HP: 70/94 MP: 19/19
 18855 | Orc:2    | Reached skill level 10 in Armour
 19005 | Orc:2    | Killed a two-headed ogre
 19048 | Orc:2    | Noticed a two-headed ogre
 19063 | Orc:2    | HP: 21/94 [two-headed ogre/+0 giant spiked club (8)]
 19064 | Orc:2    | Killed a two-headed ogre
 19216 | Orc:2    | Banished an ogre mage
 19370 | Orc:2    | Reached skill level 5 in Shields
 19724 | Orc:2    | Found a runed translucent gate.
 19724 | Orc:2    | Found a runed translucent gate.
 19726 | Orc:2    | Found a runed translucent gate.
 19726 | Orc:2    | Found an opulent altar of Gozag.
 19728 | Orc:2    | Noticed RubberyChicken's ghost (journeyman MiFi)
 19731 | Orc:2    | Found Ebbebemn's Assorted Antiques.
 19803 | Orc:2    | Banished an ogre mage
 19803 | Orc:2    | Noticed a two-headed ogre
 19804 | Orc:2    | Reached skill level 11 in Invocations
 19862 | Orc:1    | Killed a two-headed ogre
 19863 | Orc:1    | Reached skill level 9 in Fighting
 19864 | Orc:1    | Reached skill level 11 in Polearms
 20287 | Orc:2    | Killed a two-headed ogre
 20711 | Orc:2    | Found Namir's Weapon Emporium.
 20712 | Orc:2    | Found Igrec's Jewellery Emporium.
 20719 | Orc:2    | Found Diepid's Antique Weapon Shop.
 20728 | Orc:2    | Found Cyllon's Book Shoppe.
 20823 | Orc:2    | Banished RubberyChicken's ghost
 20925 | Orc:2    | Bought the +5 hand crossbow of Kariuj {elec, Will+} for 555
                  | gold pieces
 21495 | Orc:1    | Noticed an orc high priest
 21496 | Orc:1    | Noticed an orc warlord
 21721 | D:10     | HP: 13/95 [komodo dragon (11)]
 21728 | D:10     | Reached skill level 11 in Armour
 22251 | D:10     | Found a bloodstained altar of Trog.
 22295 | D:10     | Noticed a death yak
 22299 | D:10     | Noticed a death yak
 22337 | D:9      | Killed a death yak
 22338 | D:9      | Reached skill level 1 in Crossbows
 22487 | D:10     | Noticed Maggie
 22494 | D:10     | Killed Maggie
 22568 | D:10     | Killed a death yak
 22583 | D:10     | Killed a death yak
 22584 | D:10     | Reached XP level 13. HP: 63/101 MP: 21/21
 22744 | D:10     | Found a staircase to the Lair.
 22770 | D:10     | You pick up a book of Unlife and begin reading...
 22770 | D:10     | You add the spells Animate Dead, Borgnjor's Vile Clutch,
                  | Death Channel and Simulacrum to your library.
 22893 | Lair:1   | Entered Level 1 of the Lair of Beasts
 23765 | Lair:1   | Identified the +1 leather armour of Bitterness {rF+ Regen+
                  | Dex+3}
 24303 | Lair:2   | Reached skill level 6 in Shields
 24641 | Lair:2   | Reached skill level 2 in Crossbows
 26187 | Lair:3   | Found a gate leading to a gauntlet.
 26196 | Gauntlet | Entered a Gauntlet
 26196 | Gauntlet | Found a transporter.
 26287 | Gauntlet | Found a transporter.
 26296 | Gauntlet | Found a transporter.
 26302 | Gauntlet | Found a transporter.
 26303 | Gauntlet | Noticed an entropy weaver
 26317 | Gauntlet | Found a transporter.
 26336 | Gauntlet | Found a transporter.
 26346 | Gauntlet | Noticed a green death
 26348 | Gauntlet | Found a transporter.
 26353 | Gauntlet | Found a transporter.
 26355 | Gauntlet | Found a transporter.
 26368 | Gauntlet | Found a large runed translucent door.
 26369 | Gauntlet | Found a large runed translucent door.
 26370 | Gauntlet | Found a large runed translucent door.
 26370 | Gauntlet | Found a large runed translucent door.
 26371 | Gauntlet | Found a runed translucent gate.
 26372 | Gauntlet | Found a transporter.
 26372 | Gauntlet | Found a runed translucent gate.
 26373 | Gauntlet | Found a runed translucent gate.
 26374 | Gauntlet | Found a large runed translucent door.
 26374 | Gauntlet | Found a large runed translucent door.
 26375 | Gauntlet | Found a large runed translucent door.
 26376 | Gauntlet | Found a large runed translucent door.
 26384 | Gauntlet | Found a transporter.
 26393 | Gauntlet | Found a transporter.
 26401 | Gauntlet | Noticed a blizzard demon
 26415 | Gauntlet | Found a transporter.
 26430 | Gauntlet | Found a transporter.
 26432 | Gauntlet | Found a transporter.
 26459 | Gauntlet | Found a transporter.
 26567 | Gauntlet | Found a large runed translucent door.
 26567 | Gauntlet | Found a large runed translucent door.
 26567 | Gauntlet | Found a runed translucent door.
 26567 | Gauntlet | Found a runed translucent door.
 26568 | Gauntlet | Found a large runed translucent door.
 26569 | Gauntlet | Found a large runed translucent door.
 26571 | Gauntlet | Found a transporter.
 26589 | Gauntlet | Found a large runed translucent door.
 26589 | Gauntlet | Found a large runed translucent door.
 26590 | Gauntlet | Found a large runed translucent door.
 26591 | Gauntlet | Found a large runed translucent door.
 26595 | Gauntlet | Found a transporter.
 26697 | Gauntlet | Reached skill level 12 in Polearms
 26700 | Gauntlet | Noticed a fire dragon
 26704 | Gauntlet | a fire dragon changed into an anaconda
 26947 | Gauntlet | Reached skill level 3 in Crossbows
 26951 | Gauntlet | Identified the +2 cloak "Nozoj" {rPois}
 27023 | Gauntlet | your +1 gold dragon scales {rare} glow green for a moment.
 27054 | Gauntlet | Noticed a minotaur
 27073 | Gauntlet | Killed a minotaur
 27387 | Lair:3   | You pick up a book of Burglary and begin reading...
 27387 | Lair:3   | You add the spells Passwall, Swiftness, Passage of Golubria
                  | and Lee's Rapid Deconstruction to your library.
 27506 | Lair:3   | Reached skill level 10 in Fighting
 28345 | Lair:4   | You pick up a book of Cantrips and begin reading...
 28345 | Lair:4   | You add the spells Corona and Animate Skeleton to your
                  | library.
 28375 | Lair:4   | Found a staircase to the Snake Pit.
 28756 | Lair:4   | You pick up a book of Misfortune and begin reading...
 28888 | Lair:4   | Found a staircase to the Shoals.
 29914 | Lair:5   | Reached skill level 12 in Armour
 29991 | Lair:5   | You pick up a book of Maledictions and begin reading...
 29991 | Lair:5   | You add the spells Ensorcelled Hibernation and Dazzling
                  | Flash to your library.
 30530 | Lair:5   | Identified the +9 fustibalus "Lewkus" {flame, rF+}
 31059 | Lair:6   | Entered Level 6 of the Lair of Beasts
 31134 | Lair:6   | Reached skill level 4 in Crossbows
 31268 | Lair:6   | Reached skill level 7 in Shields
 31319 | Lair:6   | Found a staircase to the Slime Pits.
 31319 | Lair:6   | Found a viscous altar of Jiyva.
 31422 | Lair:6   | Noticed an azure jelly
 31433 | Lair:6   | Killed an azure jelly
 31434 | Lair:6   | Gained mutation: You have claws for feet. [demonic
                  | ancestry]
 31434 | Lair:6   | Reached XP level 14. HP: 31/111 MP: 22/22
 32854 | Lair:6   | Paralysed by a great orb of eyes for 3 turns
 33237 | Lair:6   | Found a runed translucent gate.
 33237 | Lair:6   | Found a runed translucent gate.
 33237 | Lair:6   | Found a runed translucent gate.
 33238 | Lair:6   | Noticed mdonais's ghost (journeyman OpDe)
 33248 | Lair:6   | Noticed a rockslime
 35107 | Lair:6   | Reached skill level 13 in Polearms
 35396 | Lair:5   | HP: 27/111 [death yak (11)]
 35402 | Lair:5   | Reached skill level 5 in Crossbows
 36366 | Lair:6   | Reached skill level 13 in Armour
 36620 | Lair:6   | Reached skill level 11 in Fighting
 36677 | Lair:6   | Identified the +5 great sword of Rubbish {holy, rElec
                  | rPois}
 37003 | Lair:6   | Reached skill level 8 in Shields
 37044 | Lair:6   | Banished mdonais's ghost
 37089 | Lair:6   | Identified Sif Muna's Grimoire of Earth and the Traveller
 37090 | Lair:6   | You add the spells Stone Arrow, Iskenderun's Mystic Blast,
                  | Animate Armour and Malign Gateway to your library.
 38702 | D:12     | Reached XP level 15. HP: 48/118 MP: 23/23
 39575 | D:12     | your +2 gold dragon scales {rare} glow green for a moment.
 40261 | D:12     | Reached skill level 6 in Crossbows
 40311 | D:12     | Noticed Josephine
 40336 | D:12     | Killed Josephine
 40545 | D:12     | Identified the Almanac of Evil Cold
 40546 | D:12     | You add the spells Sublimation of Blood and Ozocubu's
                  | Refrigeration to your library.
 40565 | D:12     | HP: 13/119 [boulder beetle (33)]
 40653 | D:12     | HP: 29/119 [centaur warrior/arrow (4)]
 41006 | D:12     | You pick up a book of Summonings and begin reading...
 41006 | D:12     | You add the spells Summon Forest, Summon Mana Viper, Shadow
                  | Creatures and Summon Hydra to your library.
 41056 | D:12     | You pick up a book of Transfigurations and begin reading...
 41056 | D:12     | You add the spells Irradiate, Statue Form, Blade Hands and
                  | Dragon Form to your library.
 41126 | D:12     | Identified the +0 ring mail of the Accordion {rC+}
 41135 | D:12     | Identified the +2 dagger of Righteous Fury {vorpal, Will+
                  | MP+9}
 41797 | D:12     | Noticed Snorg
 41817 | D:12     | Killed Snorg
 42315 | D:13     | Reached skill level 14 in Polearms
 42331 | D:13     | Noticed a golden dragon
 42338 | D:13     | a golden dragon changed into an eleionoma
 42340 | D:13     | Noticed a fenstrider witch
 42340 | D:13     | an eleionoma changed into a fenstrider witch
 42341 | D:13     | Noticed a fire giant
 42341 | D:13     | a fenstrider witch changed into a fire giant
 42349 | D:13     | Noticed an azure jelly
 42349 | D:13     | a fire giant changed into an azure jelly
 42351 | D:13     | Noticed a fenstrider witch
 42351 | D:13     | an azure jelly changed into a fenstrider witch
 42352 | D:13     | a fenstrider witch changed into an eleionoma
 42354 | D:13     | Noticed a quicksilver dragon
 42354 | D:13     | a stone giant changed into a quicksilver dragon
 42358 | D:13     | Noticed an azure jelly
 42358 | D:13     | a quicksilver dragon changed into an azure jelly
 42626 | D:13     | HP: 27/119 [orc priest/divine providence (12)]
 42631 | D:13     | HP: 26/119 [orc warrior/+0 halberd (8)]
 42660 | D:13     | HP: 23/119 [orc warrior/+0 halberd (13)]
 42664 | D:13     | HP: 10/119 [orc warrior/+0 halberd (9)]
 42706 | D:13     | Found a frozen archway.
 42715 | IceCv    | Entered an ice cave
 42716 | IceCv    | Found a transporter.
 42717 | IceCv    | HP: 24/119 [white ugly thing (9)]
 42723 | IceCv    | Found a transporter.
 42723 | IceCv    | Identified the +7 battleaxe of the Reaper {flame, Will+}
 42724 | IceCv    | HP: 25/119 [ice statue/bolt of cold (1)]
 42737 | IceCv    | HP: 25/119 [ice beast (2)]
 42744 | IceCv    | HP: 15/119 [ice beast (3)]
 43123 | IceCv    | You pick up a book of the Sky and begin reading...
 43123 | IceCv    | You add the spells Silence, Conjure Ball Lightning and
                  | Tornado to your library.
 43534 | D:13     | Reached skill level 7 in Crossbows
 43993 | D:13     | Found a gate to the Vaults.
 44381 | D:13     | Reached skill level 14 in Armour
 44696 | D:14     | Reached skill level 9 in Shields
 45989 | D:14     | Reached skill level 8 in Crossbows
 46597 | D:15     | Entered Level 15 of the Dungeon
 47314 | D:15     | Found a hide-covered altar of Uskayaw.
 47472 | D:15     | HP: 23/120 [skeletal warrior/+0 scimitar[a skeletal
                  | warrior] (9)]
 47478 | D:15     | HP: 15/120 [skeletal warrior/+0 scimitar[a skeletal
                  | warrior] (8)]
 47480 | D:15     | Reached skill level 12 in Fighting
 48017 | D:15     | Gained mutation: You are mostly covered in molten scales.
                  | (AC +3) [demonic ancestry]
 48017 | D:15     | Reached XP level 16. HP: 100/127 MP: 24/24
 48235 | D:15     | Found a staircase to the Depths.
 48776 | D:15     | HP: 27/127 [skeletal warrior/+0 trident (10)]
 48785 | D:15     | HP: 22/127 [titan zombie (13)]
 49194 | D:15     | Identified a scroll of acquirement
 49195 | D:15     | Acquired the +4 tower shield "Biute" {SInv}
 49861 | Orc:2    | Bought a potion of curing for 99 gold pieces
 49861 | Orc:2    | Bought a scroll of enchant armour for 247 gold pieces
 49861 | Orc:2    | Bought a potion of heal wounds for 165 gold pieces
 49904 | Orc:2    | Bought the ring "Direzoza" {rC+ Will+ Str+3} for 770 gold
                  | pieces
 49906 | Orc:2    | your +3 gold dragon scales {rare} glow green for a moment.
 49987 | Orc:1    | Bought a scroll of teleportation for 87 gold pieces
 49987 | Orc:1    | Bought a potion of curing for 87 gold pieces
 49987 | Orc:1    | Bought a scroll of enchant armour for 217 gold pieces
 49987 | Orc:1    | your +4 gold dragon scales {rare} glow green for a moment.
 50166 | Shoals:1 | Entered Level 1 of the Shoals
 50841 | Shoals:1 | Reached skill level 9 in Crossbows
 51302 | Shoals:1 | Noticed a kraken
 51317 | Shoals:1 | HP: 29/127 [tentacle[a kraken] (15)]
 51695 | Shoals:1 | Found a runed translucent door.
 51942 | Shoals:1 | Noticed HilariousDeathArtist's ghost (adept KoCj)
 51978 | Shoals:1 | Found a runed translucent gate.
 51978 | Shoals:1 | Found a runed translucent gate.
 51980 | Shoals:1 | Found a runed translucent gate.
 51991 | Shoals:1 | You pick up a book of Death and begin reading...
 51991 | Shoals:1 | You add the spells Corpse Rot, Dispel Undead, Agony and
                  | Excruciating Wounds to your library.
 52205 | Shoals:1 | Reached skill level 15 in Armour
 52499 | Shoals:1 | Noticed a kraken
 52532 | Shoals:1 | Killed a kraken
 52821 | Shoals:1 | Killed a kraken
 52822 | Shoals:1 | Reached skill level 10 in Shields
 53198 | Shoals:1 | Reached ****** piety under Lugonu
 53206 | Shoals:1 | Identified a +2 demon trident of distortion (a +0 demon
                  | trident corrupted by Lugonu)
 53206 | Shoals:1 | Received a gift from Lugonu
 54052 | Snake:1  | Entered Level 1 of the Snake Pit
 54362 | Snake:1  | your +5 gold dragon scales {rare} glow green for a moment.
 55518 | Snake:1  | Found Gytsaid's General Store.
 55520 | Snake:1  | Found Cutzid's Assorted Antiques.
 55528 | Snake:1  | Bought a thick zirconium amulet for 75 gold pieces
 55528 | Snake:1  | Bought a scroll of magic mapping for 52 gold pieces
 55528 | Snake:1  | Bought a potion of heal wounds for 75 gold pieces
 56304 | Snake:2  | Noticed Agnes
 56328 | Snake:2  | HP: 23/129 [Agnes/+6 lajatang of electrocution (17)]
 56330 | Snake:2  | Killed Agnes
 56348 | Snake:2  | Reached skill level 13 in Fighting
 56528 | Snake:2  | Noticed Aizul
 56546 | Snake:2  | Killed Aizul
 56681 | Snake:2  | Found a runed translucent door.
 56695 | Snake:2  | Noticed FritzCouch's ghost (journeyman MiBe)
 56730 | Snake:2  | Banished FritzCouch's ghost
 57002 | Snake:2  | Gained mutation: You are completely covered in molten
                  | scales. (AC +4, rF+) [demonic ancestry]
 57002 | Snake:2  | Reached XP level 17. HP: 101/137 MP: 25/25
 57003 | Snake:2  | Reached skill level 16 in Armour
 57398 | Snake:3  | Identified the +0 scale mail of the Midnight Sun {rElec
                  | Dex+4 SInv}
 57676 | Snake:3  | You pick up a book of Changes and begin reading...
 57676 | Snake:3  | You add the spells Beastly Appendage, Wereblood, Spider
                  | Form, Ice Form and Hydra Form to your library.
 57943 | Snake:3  | Reached skill level 11 in Shields
 58369 | Snake:4  | Entered Level 4 of the Snake Pit
 58435 | Snake:4  | Found Luoduag's Jewellery Shop.
 58435 | Snake:4  | Found Jene's Book Emporium.
 58436 | Snake:4  | Found Ihen's Jewellery Shop.
 58452 | Snake:4  | Bought an amulet of reflection for 360 gold pieces
 59578 | Snake:4  | Reached skill level 12 in Invocations
 59650 | Snake:4  | Noticed Vashnia
 59702 | Snake:4  | Reached skill level 10 in Crossbows
 59715 | Snake:4  | Banished Vashnia
 60433 | Snake:4  | Reached skill level 14 in Fighting
 60680 | Snake:4  | Reached skill level 11 in Crossbows
 60698 | Snake:4  | Got a serpentine rune of Zot
 60942 | Snake:4  | Gained mutation: You frequently emit foul miasma when
                  | damaged in melee. [demonic ancestry]
 60942 | Snake:4  | Reached XP level 18. HP: 113/146 MP: 27/27
 61047 | Snake:4  | Found Igebrot's Antique Armour Shoppe.
 61162 | Snake:4  | Reached skill level 13 in Invocations
 61912 | Snake:4  | Bought the ring of Otass {*Corrode rElec rN+ Str+2 Dex+6}
                  | for 632 gold pieces
 62204 | Vaults:1 | Entered Level 1 of the Vaults
 62583 | Vaults:1 | Reached skill level 12 in Shields
 63035 | Vaults:1 | Reached skill level 12 in Crossbows
 63076 | Vaults:1 | Reached skill level 15 in Polearms
 63695 | Vaults:1 | Found Puwigek's Assorted Antiques.
 63704 | Vaults:1 | Reached skill level 14 in Invocations
 63805 | Vaults:1 | Found a runed translucent gate.
 63805 | Vaults:1 | Found a runed translucent gate.
 63806 | Vaults:1 | Found a runed translucent gate.
 63806 | Vaults:1 | Noticed Sibahig's ghost (veteran HOMo)
 65512 | Vaults:2 | HP: 37/148 [poisoned by a tengu reaver (bolt of poison)]
 65934 | Vaults:2 | Gained mutation: Spells you cast and wands you use may
                  | paralyse nearby enemies. [demonic ancestry]
 65934 | Vaults:2 | Reached XP level 19. HP: 109/154 MP: 29/29
 65974 | Vaults:2 | Reached skill level 15 in Fighting
 66012 | Vaults:2 | HP: 26/155 [slime creature (22)]
 66615 | Vaults:2 | Found a staircase to the Crypt.
 67388 | Vaults:2 | Reached skill level 13 in Shields
 67441 | Vaults:2 | Reached skill level 15 in Invocations
 67442 | Vaults:2 | HP: 33/155 [vault guard/+0 glaive (28)]
 67953 | Vaults:2 | Identified the +10 falchion of Foolhardiness {freeze,
                  | Fragile rC+ rCorr Str+3}
 68170 | Vaults:2 | Reached skill level 1 in Evocations
 68687 | Vaults:2 | Reached skill level 2 in Evocations
 69070 | Vaults:3 | Reached skill level 3 in Evocations
 69226 | Vaults:3 | Noticed Asterion
 69287 | Vaults:3 | Killed Asterion
 69482 | Vaults:3 | Reached skill level 4 in Evocations
 69839 | Vaults:3 | Found a huge runed gate.
 69839 | Vaults:3 | Found a huge runed gate.
 69839 | Vaults:3 | Found a huge runed gate.
 69839 | Vaults:3 | Found a huge runed gate.
 69839 | Vaults:3 | Found a huge runed gate.
 69839 | Vaults:3 | Found a huge runed gate.
 69839 | Vaults:3 | Found a huge runed gate.
 69839 | Vaults:3 | Found a huge runed gate.
 69840 | Vaults:3 | Found a huge runed gate.
 69840 | Vaults:3 | Found a huge runed gate.
 69841 | Vaults:3 | Found a huge runed gate.
 69842 | Vaults:3 | Found a huge runed gate.
 69843 | Vaults:3 | Found a huge runed gate.
 69844 | Vaults:3 | Found a huge runed gate.
 69845 | Vaults:3 | Found a huge runed gate.
 69853 | Vaults:3 | Found a huge runed gate.
 69853 | Vaults:3 | Found a huge runed gate.
 69853 | Vaults:3 | Found a huge runed gate.
 69853 | Vaults:3 | Found a huge runed gate.
 69853 | Vaults:3 | Found a huge runed gate.
 69854 | Vaults:3 | Found a huge runed gate.
 69855 | Vaults:3 | Found a huge runed gate.
 69856 | Vaults:3 | Found a huge runed gate.
 69857 | Vaults:3 | Found a huge runed gate.
 69865 | Vaults:3 | Found a huge runed gate.
 69865 | Vaults:3 | Found a huge runed gate.
 69865 | Vaults:3 | Found a huge runed gate.
 69865 | Vaults:3 | Found a huge runed gate.
 69865 | Vaults:3 | Found a huge runed gate.
 69865 | Vaults:3 | Found a huge runed gate.
 69866 | Vaults:3 | Found a huge runed gate.
 69867 | Vaults:3 | Found a huge runed gate.
 69868 | Vaults:3 | Found a huge runed gate.
 69876 | Vaults:3 | Found a huge runed gate.
 69876 | Vaults:3 | Found a huge runed gate.
 69876 | Vaults:3 | Found a huge runed gate.
 70222 | Vaults:3 | Reached skill level 5 in Evocations
 70422 | Vaults:3 | your +6 gold dragon scales {rare} glow green for a moment.
 70581 | Vaults:3 | Noticed a hellephant
 71007 | Vaults:3 | Gained mutation: You are somewhat able to resist unholy
                  | torments (1 in 2 success). [demonic ancestry]
 71007 | Vaults:3 | Reached XP level 20. HP: 142/164 MP: 31/31
 71427 | Vaults:3 | your +7 gold dragon scales {rare} glow green for a moment.
 71456 | Vaults:3 | Reached skill level 6 in Evocations
 71545 | Vaults:3 | Identified the +8 triple sword of Dawn {venom, rF+ rN+}
 71546 | Vaults:3 | T - the +8 triple sword of Dawn {venom, rF+ rN+, rare}
 71557 | Vaults:3 | You drop the +8 triple sword of Dawn {venom, rF+ rN+,
                  | rare}.
 71718 | Vaults:4 | Noticed Sojobo
 72138 | Vaults:4 | Reached skill level 17 in Armour
 72156 | Vaults:4 | You pick up a book of Minor Magic and begin reading...
 72156 | Vaults:4 | You add the spells Magic Dart, Blink, Slow, Conjure Flame
                  | and Mephitic Cloud to your library.
 72168 | Vaults:4 | Banished Sojobo
 72169 | Vaults:4 | Reached skill level 16 in Polearms
 72170 | Vaults:4 | Noticed an ancient lich
 72385 | Vaults:4 | Reached skill level 7 in Evocations
 72390 | Vaults:4 | Killed from afar by an ancient lich

Vanquished Creatures
  A titan (Vaults:1)
  Asterion (Vaults:3)
  2 krakens (Shoals:1)
  A sphinx (Vaults:2)
  Agnes (Snake:2)
  An azure jelly (Lair:6)
  A tengu reaver (Vaults:3)
  4 nagarajas
  6 vault wardens
  Aizul (Snake:2)
  2 orc warlords
  7 ironbound preservers
  2 very ugly things
  A war gargoyle (Vaults:4)
  A stone giant (Vaults:1)
  An entropy weaver (Vaults:2)
  A minotaur (Gauntlet)
  2 deep elf annihilators
  3 dire elephants
  Snorg (D:12)
  2 crystal guardians (Vaults:2)
  Josephine (D:12)
  3 salamander tyrants (Snake:4)
  2 merfolk impalers (Shoals:1)
  4 yaktaur captains
  4 boulder beetles
  3 great orbs of eyes
  5 naga warriors
  6 ironbound thunderhulks
  A peacekeeper (Vaults:2)
  8 vault guards
  10 hydras
  2 ogre magi (D:12)
  2 death knights (Vaults:2)
  4 ironbound frosthearts
  A merfolk avatar (Shoals:1)
  3 catoblepae
  8 anacondas
  A two-headed ogre (shapeshifter) (D:13)
  20 centaur warriors
  A merfolk aquamancer (Shoals:1)
  9 two-headed ogres
  12 death yaks
  4 tengu warriors
  An orc high priest (Orc:1)
  6 shock serpents
  A titan zombie (D:15)
  4 ironbound beastmasters (Vaults:1)
  13 naga sharpshooters
  13 hell knights
  4 skeletal warriors (D:15)
  A spectral death yak (Lair:6)
  4 salamander mystics
  22 deep trolls
  8 naga ritualists
  4 sea snakes
  3 orc knights
  8 wizards
  A necromancer (D:15)
  10 lindwurms
  15 ironbound convokers
  13 mana vipers
  2 deep elf pyromancers
  A wolf spider (D:15)
  5 harpies (Shoals:1)
  24 ugly things
  An orc sorcerer (Orc:2)
  8 salamanders
  2 manticores
  A faun (shapeshifter) (D:13)
  9 fauns (Shoals:1)
  A stone giant skeleton (D:15)
  12 cyclopes
  14 naga magi
  A merfolk siren (Shoals:1)
  An eye of devastation (Gauntlet)
  9 elephants
  A guardian serpent (Lair:4)
  An elephant (shapeshifter) (D:12)
  An apocalypse crab (Gauntlet)
  3 centaur zombies
  14 vault sentinels
  35 black mambas
  2 spriggan skeletons (D:15)
  7 cane toads
  11 komodo dragons
  A hellion (Vaults:3)
  3 unseen horrors
  A freezing wraith (D:15)
  2 komodo dragons (shapeshifter)
  4 rime drakes
  Maggie (D:10)
  A tengu conjurer (D:15)
  2 kobold demonologists
  21 yaktaurs
  A polar bear (Lair:6)
  4 merfolk (Shoals:1)
  3 meliai (D:14)
  A guardian mummy (D:15)
  A jumping spider (Vaults:2)
  A wind drake (Shoals:1)
  A hornet (D:8)
  A queen bee (Lair:3)
  14 trolls
  A raiju (Gauntlet)
  33 slime creatures
  3 snapping turtles (Shoals:1)
  13 dream sheep
  9 blink frogs (Lair:6)
  A meliai zombie (D:11)
  2 shadows
  4 wyverns
  A centaur simulacrum (D:14)
  2 water elementals (Shoals:1)
  7 wraiths
  A redback (Vaults:2)
  23 yaks
  2 basilisks
  A catoblepas simulacrum (Lair:6)
  3 steam dragons
  3 vampire mosquitoes
  7 wargs
  50 nagas
  2 acid dragons
  A floating eye (Gauntlet)
  Duvessa (D:7)
  2 spectral torpor snails (Lair:6)
  14 water moccasins
  21 orc warriors
  10 ice beasts
  2 black bears
  A hornet zombie (D:9)
  A necrophage (D:6)
  20 ogres
  16 wolves
  9 centaurs
  11 bullfrogs
  19 kobold brigands
  A cane toad simulacrum (Lair:6)
  A scorpion (D:5)
  2 gnoll sergeants (D:11)
  Dowan (D:7)
  3 water moccasin skeletons
  A dream sheep simulacrum (Lair:6)
  30 killer bees
  6 wights
  6 howler monkeys
  A bullfrog zombie (D:5)
  A fire crab simulacrum (Lair:6)
  10 jellies
  9 orc priests
  2 hounds
  2 bullfrog skeletons
  Natasha (thrice) (D:2)
  19 orc wizards
  A hound skeleton (D:5)
  2 howler monkey zombies (D:9)
  8 gnolls
  2 howler monkey skeletons
  10 adders
  6 river rats (Sewer)
  17 white imps
  An adder skeleton (D:4)
  4 worms
  2 dart slugs
  71 orcs
  16 ball pythons
  9 endoplasms
  A giant cockroach (D:3)
  11 goblins
  14 hobgoblins
  13 jackals
  4 quokkas
  8 bats
  7 frilled lizards
  8 kobolds
  29 rats
  6 tentacles (Shoals:1)
1160 creatures vanquished.

Vanquished Creatures (others)
  2 wizards
  2 orc wizards
  2 bushes (Lair:6)
  14 demonic plants (Gauntlet)
  A fire vortex (D:15)
  42 fungi
  68 plants
  25 tentacles (Shoals:1)
  4 withered plants (D:15)
160 creatures vanquished.

Grand Total: 1320 creatures vanquished

Table legend:
 A = Non-vault XP
 B = Vault XP
 C = Vault XP percentage of total XP
 D = Non-vault monster count
 E = Vault monster count
 F = Vault count percentage of total count
                 A         B        C        D         E       F
            +---------+---------+-------+---------+---------+-------
      Total |  298107 |  208984 |  41.2 |     755 |     495 |  39.6
            +---------+---------+-------+---------+---------+-------
        D:1 |      27 |      10 |  27.0 |      18 |       6 |  25.0
        D:2 |     126 |      37 |  22.7 |      29 |       1 |   3.3
        D:3 |      35 |       3 |   7.9 |      20 |       1 |   4.8
        D:4 |     414 |     169 |  29.0 |      20 |       1 |   4.8
        D:5 |     499 |     300 |  37.5 |      12 |       2 |  14.3
        D:6 |     749 |       6 |   0.8 |      11 |       2 |  15.4
        D:7 |     681 |     220 |  24.4 |      13 |       2 |  13.3
        D:8 |     965 |     154 |  13.8 |      16 |       3 |  15.8
        D:9 |    3516 |    2430 |  40.9 |      33 |      32 |  49.2
       D:10 |    1951 |    2715 |  58.2 |      20 |       5 |  20.0
       D:11 |    5443 |     572 |   9.5 |      24 |       2 |   7.7
       D:12 |    5413 |   16482 |  75.3 |      11 |      31 |  73.8
       D:13 |    9981 |    2942 |  22.8 |      17 |      41 |  70.7
       D:14 |   10643 |       0 |   0.0 |      27 |       0 |   0.0
       D:15 |    7217 |    3839 |  34.7 |      16 |       7 |  30.4
     Lair:1 |    1873 |       0 |   0.0 |      11 |       0 |   0.0
     Lair:2 |    5307 |       0 |   0.0 |      15 |       0 |   0.0
     Lair:3 |    2614 |    1783 |  40.6 |      10 |      25 |  71.4
     Lair:4 |    6182 |     874 |  12.4 |      17 |       2 |  10.5
     Lair:5 |    6756 |    1802 |  21.1 |      21 |       5 |  19.2
     Lair:6 |   14096 |   16651 |  54.2 |      35 |      51 |  59.3
   Shoals:1 |   26063 |       0 |   0.0 |      47 |       0 |   0.0
    Snake:1 |    9925 |       0 |   0.0 |      19 |       0 |   0.0
    Snake:2 |   13394 |    7314 |  35.3 |      24 |       7 |  22.6
    Snake:3 |   15916 |       0 |   0.0 |      31 |       0 |   0.0
    Snake:4 |   34608 |   28078 |  44.8 |      66 |      45 |  40.5
      Orc:1 |     372 |    8152 |  95.6 |       6 |      21 |  77.8
      Orc:2 |    2152 |   16371 |  88.4 |      21 |      39 |  65.0
   Vaults:1 |   29373 |   23812 |  44.8 |      37 |      31 |  45.6
   Vaults:2 |   42667 |   26078 |  37.9 |      55 |      32 |  36.8
   Vaults:3 |   32813 |   29489 |  47.3 |      47 |      34 |  42.0
   Vaults:4 |    6336 |   14843 |  70.1 |       6 |       8 |  57.1
      Sewer |       0 |     408 | 100.0 |       0 |      48 | 100.0
      IceCv |       0 |     666 | 100.0 |       0 |       5 | 100.0
   Gauntlet |       0 |    2784 | 100.0 |       0 |       6 | 100.0
            +---------+---------+-------+---------+---------+-------

Illustrated notes

Table legend:
 A = Kills in this place as a percentage of kills in entire the game.
 B = Kills by you in this place as a percentage of kills by you in the entire game.
 C = Kills by friends in this place as a percentage of kills by friends in the entire game.
 D = Other kills in this place as a percentage of other kills in the entire game.
 E = Experience gained in this place as a percentage of experience gained in the entire game.
 F = Experience gained in this place divided by the number of levels of this place that you have seen.
                   A       B       C       D       E      F
               +-------+-------+-------+-------+-------+----------------------
         Total | 100.0 | 100.0 |   N/A | 100.0 | 100.0 | 13705.2
       Dungeon |  33.8 |  35.6 |   N/A |  12.5 |  15.3 | 5169.3
          Lair |  15.4 |  16.5 |   N/A |   2.1 |  11.4 | 9656.3
        Shoals |   3.8 |   3.6 |   N/A |   5.2 |   5.1 | 26063.0
     Snake Pit |  15.4 |  14.4 |   N/A |  27.1 |  21.5 | 27308.8
  Orcish Mines |   7.0 |   6.4 |   N/A |  13.5 |   5.3 | 13523.5
        Vaults |  20.0 |  18.4 |   N/A |  39.6 |  40.5 | 51352.8
         Sewer |   3.8 |   4.2 |   N/A |   0.0 |   0.1 | 408.0
      Ice Cave |   0.4 |   0.4 |   N/A |   0.0 |   0.1 | 666.0
      Gauntlet |   0.5 |   0.5 |   N/A |   0.0 |   0.5 | 2784.0
               +-------+-------+-------+-------+-------+----------------------

Table legend: (Time is in decaauts)
 A = Elapsed time spent in this place.
 B = Non-inter-level travel time spent in this place.
 C = Inter-level travel time spent in this place.
 D = Time resting spent in this place.
 E = Time spent auto-exploring this place.
 F = Levels seen in this place.
 G = Mean time per level.
                   A        B        C        D        E       F      G
               +--------+--------+--------+--------+--------+-----+--------+
         Total |  71967 |  69170 |   2797 |  13762 |  42081 |  37 | 1945.1 |
       Dungeon |  26999 |  25787 |   1212 |   4398 |  16568 |  15 | 1799.9 |
          Lair |  14656 |  14118 |    538 |   3243 |   8589 |   6 | 2442.7 |
        Shoals |   3375 |   3328 |     47 |    528 |   2158 |   1 | 3375.0 |
     Snake Pit |   7653 |   7247 |    406 |    144 |   5479 |   4 | 1913.2 |
  Orcish Mines |   7053 |   6739 |    314 |   2421 |   3017 |   2 | 3526.5 |
        Vaults |   9746 |   9467 |    279 |   2458 |   5062 |   4 | 2436.5 |
         Abyss |    132 |    132 |      0 |      0 |     74 |   2 |   66.0 |
         Sewer |   1038 |   1038 |      0 |    376 |    341 |   1 | 1038.0 |
      Ice Cave |    443 |    443 |      0 |      0 |    392 |   1 |  443.0 |
      Gauntlet |    867 |    867 |      0 |    193 |    399 |   1 |  867.0 |
               +--------+--------+--------+--------+--------+-----+--------+

Top non-repeatable levels by time:
   Orc:2: 4861 daAuts
     D:9: 3762 daAuts
  Lair:6: 3552 daAuts
Vaults:2: 3473 daAuts
Shoals:1: 3375 daAuts
    D:12: 3282 daAuts
  Lair:5: 3271 daAuts
  Lair:4: 3247 daAuts
 Snake:4: 3044 daAuts
Vaults:3: 3020 daAuts
Vaults:1: 2757 daAuts
    D:15: 2319 daAuts
    D:14: 2193 daAuts
   Orc:1: 2192 daAuts
    D:10: 2038 daAuts
